 Dungeon Crawl Stone Soup version 0.26-a0-21-gf97e55dc39 (webtiles) character file.

Game seed: 9765511984393030640, levelgen mode: deterministic

9097 vurker the Geomancer (level 11, -17/75 HPs)
             Began as an Octopode Earth Elementalist on May 26, 2020.
             Was an Initiate of Vehumet.
             Shot with an arrow by a centaur warrior (21 damage)
             ... on level 10 of the Dungeon.
             The game lasted 00:31:47 (15856 turns).

vurker the Geomancer (Octopode Earth Elementalist) Turns: 15856, Time: 00:31:47

Health: -17/75     AC:  3    Str:  8    XL:     11   Next: 41%
Magic:  29/34      EV: 13    Int: 20    God:    Vehumet [......]
Gold:   664        SH:  0    Dex: 13    Spells: 19/30 levels left

rFire    . . .     SeeInvis .   g - +0 dagger
rCold    . . .     Gourm    .   (no shield)
rNeg     . . .     Faith    .   z - +2 hat
rPois    .         Spirit   .   (no amulet)
rElec    .         Reflect  .   h - ring of magical power
rCorr    +         Harm     .   x - ring of resist corrosion
MR       .....                  (no ring)
Stlth    +++.......             (no ring)
HPRegen  0.22/turn              (no ring)
MPRegen  0.24/turn              (no ring)
                                (no ring)
                                (no ring)

@: no status effects
A: almost no armour, stealthy swim, amphibious, 8 rings, constrict 8, camouflage
1, gelatinous body 1
a: Renounce Religion


You were on level 10 of the Dungeon.
You worshipped Vehumet.
Vehumet was noncommittal.
You were not hungry.

You visited 2 branches of the dungeon, and saw 11 of its levels.
You also visited: Ossuary.

You collected 664 gold pieces.

Inventory:

Hand Weapons
 g - a +0 dagger (weapon)
   (You took it off a goblin on level 1 of the Dungeon)
Missiles
 b - 149 stones (quivered)
 u - 2 throwing nets
Armour
 z - a +2 hat (worn)
   (You found it on level 9 of the Dungeon)
Jewellery
 h - a ring of magical power (left tentacle)
   (You found it on level 6 of the Dungeon)
 x - a ring of resist corrosion (right tentacle)
   (You found it on level 6 of the Dungeon)
Wands
 t - a wand of flame (20)
   (You found it on level 8 of the Dungeon)
Scrolls
 k - 3 scrolls of enchant armour
 n - 4 scrolls of remove curse
 r - 3 scrolls of identify
 s - 5 scrolls of magic mapping {unknown}
 v - a scroll of noise {unknown}
 w - 2 scrolls of teleportation
 y - 5 scrolls of fear
Potions
 a - 2 potions of haste
 c - 3 potions of cancellation
 d - 12 potions of curing
 f - a potion of mutation
 i - a potion of magic
 j - 3 potions of heal wounds {unknown}
 l - a potion of flight
 m - 2 potions of lignification
 o - a potion of resistance
 p - a potion of ambrosia {unknown}
 q - a potion of might {unknown}
Comestibles
 e - 15 rations
 A - a chunk of flesh


   Skills:
 + Level 7.6 Fighting
 - Level 2.0 Dodging
 - Level 2.6 Stealth
 * Level 10.2 Spellcasting
 - Level 3.0 Conjurations
 - Level 1.0 Transmutations
 * Level 11.2 Earth Magic


You had 19 spell levels left.
You knew the following spells:

 Your Spells              Type           Power        Failure   Level  Hunger
a - Sandblast             Erth           ######       1%          1    None
b - Stone Arrow           Conj/Erth      #####.       1%          3    None
q - Passwall              Tmut/Erth      ####....     1%          2    None
z - Lee's Rapid Deconstr  Erth           ######....   1%          5    ####...

Your spell library contained the following spells:

 Spells                   Type           Power        Failure   Level  Hunger
 Magic Dart               Conj           ###.         1%          1    None
 Foxfire                  Conj/Fire      ###.         3%          1    None
 Petrify                  Tmut/Erth      ####....     5%          4    ##.....
 Animate Skeleton         Necr           N/A          7%          1    None
 Apportation              Tloc           ##....       7%          1    None
 Corona                   Hex            ##.....      7%          1    None
 Summon Small Mammal      Summ           ##..         7%          1    None
 Blink                    Tloc           N/A          11%         2    None
 Call Imp                 Summ           ##......     11%         2    None
 Slow                     Hex            ##......     11%         2    None
 Conjure Flame            Conj/Fire      ###.....     11%         3    None
 Mephitic Cloud           Conj/Pois/Air  ##......     14%         3    None
 Ignite Poison            Fire/Tmut/Pois ##......     19%         3    None
 Inner Flame              Hex/Fire       ##......     21%         3    None
 Yara's Violent Unravell  Hex/Tmut       ##........   83%         5    ####...


Dungeon Overview and Level Annotations

Branches:
Dungeon (10/15)            Temple (1/1) D:5            Lair (0/6) D:9
Ossuary (visited)
    Orc: D:9-12

Altars:
Ashenzari
Cheibriados
Dithmenos
Elyvilon
Fedhas
Gozag
Hepliaklqana
Kikubaaqudgha
Makhleb
Nemelex Xobeh
Okawaru
Qazlal
Ru
Sif Muna
Trog
Uskayaw
Vehumet
Wu Jian
Xom
Yredelemnul
Zin
The Shining One

Annotations:
D:7 2 transporters
D:10 Joseph, Josephine


Innate Abilities, Weirdness & Mutations

You cannot wear most types of armour.
You are very stealthy in the water. (Stealth+)
You are amphibious.
You can wear up to eight rings at the same time.
You can use your tentacles to constrict eight enemies at once.
Your skin changes colour to match your surroundings (Stealth+).
Your rubbery body absorbs attacks. (AC +1, EV +1)


Message History

Okay, then.
Found a blackened book.
Found 18 gold pieces.
You pick up Honlal's Grimoire of Shifting Heat and begin reading...
You add the spells Foxfire, Ignite Poison, Inner Flame and Yara's Violent Unravelling to your library.
A centaur skeleton comes into view.
An ice beast comes into view.
The helpless centaur skeleton fails to defend itself.
You puncture the centaur skeleton! You squeeze the centaur skeleton.
The centaur skeleton closely misses you.
You hit the centaur skeleton. You squeeze the centaur skeleton.
The centaur skeleton hits you.
The centaur skeleton hits you but does no damage.
Aim: a centaur skeleton (heavily damaged)
The stone arrow hits the centaur skeleton!!
You destroy the centaur skeleton!
Vehumet accepts your kill.
You hear two shouts!
A two-headed ogre comes into view. It is wielding two +0 giant clubs.
You hear a shout!
Aim: an ice beast The stone arrow misses the ice beast.
The ice beast hits you. The ice beast freezes you.
Aim: an ice beast The stone arrow hits the ice beast.
The ice beast hits you. The ice beast freezes you!
A centaur warrior comes into view.
Aim: an ice beast (lightly wounded)
The blast of sand hits the ice beast!
b - 150 stones The ice beast hits you.
The ice beast freezes you!
Aim: an ice beast (heavily wounded)
The blast of sand hits the ice beast!!
You kill the ice beast!
Vehumet accepts your kill.
b - 149 stones The two-headed ogre hits you with a +0 giant club!
* * * LOW HITPOINT WARNING * * *
The two-headed ogre closely misses you.
The centaur warrior wields a +0 shortbow.
The centaur warrior shoots an arrow.
The arrow completely misses you.
You see here an arrow.
The centaur warrior shoots an arrow.
The arrow hits you!
* * * LOW HITPOINT WARNING * * *
You see here an arrow.
The centaur warrior shoots an arrow.
The arrow hits you!!
* * * LOW HITPOINT WARNING * * *
You see here an arrow.
The centaur warrior shoots an arrow.
The arrow hits you!!
You die...

........# #..# #..#
........#########..# #..####
...................########......
.................................
##.............################..
#.#########...# #.#
##.#########...################÷.
..................c..............
................@.O...(..........
.############.#########(.........
.# #.# #(.........
.############.# #..........
..............#########..........
.....................#####.......
...÷############.<.### #.......
....# #...#.. #...#### ....#
#...#.$####...####


You could see a centaur warrior and a two-headed ogre.

Vanquished Creatures
  Harold (D:7)
  Erica (D:10)
  A two-headed ogre (D:8)
  An unseen horror (D:10)
  A centaur zombie (D:10)
  A troll (D:9)
  Sigmund (D:2)
  A wraith (D:10)
  A wyvern (D:9)
  4 yaks (D:9)
  2 hungry ghosts
  3 water moccasins
  2 ice beasts
  3 sky beasts
  2 orc warriors (D:8)
  2 phantoms
  6 ogres
  A centaur (D:9)
  4 big kobolds (D:4)
  2 elf zombies (Ossuary)
  A wyvern zombie (D:10)
  A bullfrog (D:8)
  3 scorpions
  3 wights (D:9)
  12 killer bees
  2 howler monkeys
  2 bullfrog zombies
  4 crimson imps
  A quasit (D:8)
  A gnoll shaman (D:5)
  A bullfrog skeleton (D:5)
  2 centaur skeletons
  2 human zombies (Ossuary)
  2 jellies (D:6)
  2 orc priests
  3 hounds
  3 orc wizards
  Crazy Yiuf (D:3)
  3 iguanas
  Terence (D:3)
  8 worker ants
  A killer bee zombie (D:8)
  3 big kobold zombies (Ossuary)
  3 hound zombies (Ossuary)
  A hound skeleton (D:9)
  3 mummies (Ossuary)
  A worker ant zombie (D:9)
  Robin (D:3)
  8 adders
  9 gnolls
  2 shadow imps
  3 oozes
  4 adder zombies (Ossuary)
  An adder skeleton (D:3)
  2 worms
  5 dart slugs
  2 leopard geckos
  25 orcs
  4 ball pythons
  7 giant cockroaches
  17 goblins
  13 hobgoblins
  13 jackals
  2 quokkas
  11 bats
  3 frilled lizards (D:1)
  3 goblin zombies (Ossuary)
  5 hobgoblin zombies (Ossuary)
  3 jackal zombies (Ossuary)
  46 kobolds
  4 kobold zombies (Ossuary)
  A leopard gecko zombie (D:8)
  A quokka skeleton (D:4)
  4 quokka zombies (Ossuary)
  7 rats
  3 rat zombies (Ossuary)
319 creatures vanquished.

Notes
Turn   | Place    | Note
-------+----------+-------------------------------------------
     0 | D:1      | vurker the Octopode Earth Elementalist began the quest for
                  | the Orb.
     0 | D:1      | Reached XP level 1. HP: 11/11 MP: 3/3
   148 | D:1      | Reached XP level 2. HP: 10/18 MP: 1/5
   685 | D:1      | Reached XP level 3. HP: 17/22 MP: 6/6
   768 | D:1      | Reached skill level 1 in Fighting
  1241 | D:1      | Learned a level 3 spell: Stone Arrow
  1742 | D:2      | Reached XP level 4. HP: 20/28 MP: 5/8
  2007 | D:2      | Noticed Sigmund
  2750 | D:3      | Reached skill level 1 in Conjurations
  3007 | D:3      | Reached skill level 4 in Earth Magic
  3100 | D:3      | Noticed Robin
  3164 | D:3      | Reached XP level 5. HP: 29/33 MP: 9/9
  3418 | D:3      | Killed Robin
  3607 | D:3      | Learned a level 5 spell: Lee's Rapid Deconstruction
  3647 | D:3      | Noticed Terence
  3672 | D:3      | Killed Terence
  4020 | D:3      | Found a runed translucent door.
  4021 | D:3      | Noticed Crazy Yiuf
  4183 | D:3      | Killed Crazy Yiuf
  4288 | D:2      | Killed Sigmund
  4288 | D:2      | Reached XP level 6. HP: 4/39 MP: 5/11
  4628 | D:4      | Reached XP level 7. HP: 45/45 MP: 9/13
  4739 | D:4      | Reached skill level 5 in Earth Magic
  5893 | D:4      | Reached skill level 5 in Spellcasting
  5977 | D:4      | Reached XP level 8. HP: 38/52 MP: 7/15
  6006 | D:4      | Reached skill level 6 in Earth Magic
  6636 | D:5      | Entered Level 5 of the Dungeon
  6652 | D:5      | Found a sand-covered staircase.
  6663 | D:5      | Learned a level 2 spell: Passwall
  6664 | Ossuary  | Entered an ossuary
  7929 | D:5      | Reached skill level 7 in Earth Magic
  8200 | D:5      | Reached XP level 9. HP: 39/59 MP: 14/18
  9263 | D:5      | Found a staircase to the Ecumenical Temple.
  9282 | Temple   | Entered the Ecumenical Temple
 10212 | D:6      | Reached skill level 8 in Earth Magic
 10388 | D:7      | Reached skill level 5 in Fighting
 10521 | D:7      | Found a hazy altar of Hepliaklqana.
 10522 | D:7      | Noticed a deep elf mage
 10524 | D:7      | Found a transporter.
 10524 | D:7      | Noticed a troll
 11050 | D:7      | Found a transporter.
 11238 | D:7      | Noticed Harold
 11748 | D:8      | Noticed a two-headed ogre
 11883 | D:8      | Reached skill level 9 in Earth Magic
 11883 | D:8      | Reached XP level 10. HP: 63/68 MP: 10/22
 12065 | D:8      | Found an opulent altar of Gozag.
 12084 | D:8      | Killed a two-headed ogre
 12615 | D:8      | Found a radiant altar of Vehumet.
 12620 | D:8      | Found a shattered altar of Ashenzari.
 12623 | D:8      | Became a worshipper of Vehumet
 12641 | D:8      | Found a sacrificial altar of Ru.
 12641 | D:8      | Found a stormy altar of Qazlal.
 12641 | D:8      | Found a basalt altar of Yredelemnul.
 12645 | D:8      | Found an ornate altar of the Wu Jian Council.
 12648 | D:8      | Found a blossoming altar of Fedhas.
 12862 | D:7      | Killed Harold
 13249 | D:9      | Reached skill level 10 in Earth Magic
 13913 | D:9      | Found a staircase to the Lair.
 13915 | D:9      | Noticed a death yak
 13915 | D:9      | Noticed a death yak
 13915 | D:9      | Noticed a death yak
 14228 | D:9      | Reached XP level 11. HP: 75/75 MP: 24/24
 14976 | D:10     | Entered Level 10 of the Dungeon
 15009 | D:10     | Noticed Erica
 15014 | D:10     | Killed Erica
 15014 | D:10     | Reached skill level 10 in Spellcasting
 15071 | D:10     | Noticed Josephine
 15291 | D:10     | Reached skill level 11 in Earth Magic
 15647 | D:10     | Killed an unseen horror
 15764 | D:10     | Noticed Joseph
 15820 | D:10     | Identified Honlal's Grimoire of Shifting Heat
 15831 | D:10     | Noticed a two-headed ogre
 15838 | D:10     | Noticed a centaur warrior
 15850 | D:10     | HP: 3/75 [centaur warrior/arrow (21)]
 15856 | D:10     | Shot with an arrow by a centaur warrior

Illustrated notes

Levels and vault maps discovered:
D:1:      saegor_arrival_simple_e, layout_basic, serial_rivers,
          chequers_serial_rivers_small_3, chequers_serial_rivers_small_a,
          chequers_serial_rivers_room_a, chequers_serial_rivers_marsh,
          chequers_serial_rivers_micro_b, minmay_octomino_c4
D:2:      layout_basic, uniq_sigmund
D:3:      layout_rooms, uniq_terence, uniq_robin, uniq_crazy_yiuf_cottage
D:4:      minmay_goblin_kobold_castle, layout_loops_cross
D:5:      layout_basic, minmay_temple_entry_poolview,
          nicolae_ossuary_entry_plus, first_ration
D:6:      layout_basic
D:7:      layout_gridville, gammafunk_temple_overflow_arena, uniq_harold
D:8:      layout_basic, minitemple, basic_altar
D:9:      layout_loops_ring, dpeg_lair_monsters
D:10:     minmay_blocky_corners, layout_long_grid, minmay_orc_entry_guard_dogs,
          uniq_joseph, uniq_josephine, uniq_erica
Temple:   zaba_magenta_temple

Skill      XL: |  1  2  3  4  5  6  7  8  9 10 11 |
---------------+----------------------------------+-----
Fighting       | 1 2 3 4 5 7 |  7.6
Spellcasting   | 3 4 5 6 8 9 10 | 10.2
Conjurations   | 1 2 3 |  3.0
Earth Magic    | 4 5 7 9 10 11 | 11.2
Dodging        | |  2.0
Stealth        | |  2.6
Transmutations | |  1.0

Action                   |  1- 3 |  4- 6 |  7- 9 | 10-12 || total
-------------------------+-------+-------+-------+-------++-------
Melee: Unarmed           |    22 |       |       |       ||    22
       Constrict         |    21 |    24 |    32 |     4 ||    81
       Dagger            |    65 |    84 |   135 |    40 ||   324
       Tentacles         |     6 |    15 |    25 |     7 ||    53
 Cast: Sandblast         |    23 |    32 |   194 |    38 ||   287
       Stone Arrow       |       |       |    86 |    80 ||   166
       Lee's Rapid Decon |       |       |     5 |    26 ||    31
  Use: Scroll            |       |    10 |     8 |     2 ||    20
       Potion            |       |       |       |     1 ||     1
 Stab: Sleeping          |    12 |     4 |     6 |     2 ||    24
  Eat: Chunk             |     2 |     8 |    16 |    12 ||    38
       Ration            |       |     1 |     2 |     2 ||     5
Armor: Skin              |     8 |     7 |    11 |    24 ||    50
Dodge: Dodged            |    50 |    60 |   151 |    60 ||   321

Table legend:
 A = Non-vault XP
 B = Vault XP
 C = Vault XP percentage of total XP
 D = Non-vault monster count
 E = Vault monster count
 F = Vault count percentage of total count
                 A         B        C        D         E       F
            +---------+---------+-------+---------+---------+-------
      Total |    9317 |    3679 |  28.3 |     202 |     117 |  36.7
            +---------+---------+-------+---------+---------+-------
        D:1 |      58 |      12 |  17.1 |      29 |       7 |  19.4
        D:2 |      51 |     227 |  81.7 |      15 |       1 |   6.2
        D:3 |      83 |     111 |  57.2 |      17 |      14 |  45.2
        D:4 |     465 |     489 |  51.3 |      18 |      51 |  73.9
        D:5 |     672 |       0 |   0.0 |      23 |       0 |   0.0
        D:6 |     494 |       0 |   0.0 |      16 |       0 |   0.0
        D:7 |     845 |    1007 |  54.4 |      16 |       1 |   5.9
        D:8 |    2181 |       0 |   0.0 |      24 |       0 |   0.0
        D:9 |    2881 |       0 |   0.0 |      34 |       0 |   0.0
       D:10 |    1587 |    1319 |  45.4 |      10 |       4 |  28.6
    Ossuary |       0 |     514 | 100.0 |       0 |      39 | 100.0
            +---------+---------+-------+---------+---------+-------
